Map: Dusk Towers

Players

True - Winner!

  • Race: Zerg Zerg
  • League: Platinum

Believe

  • Race: Terran Terran
  • League: Grandmaster

VOD

Have the link to the VOD?

Description

Time

  • Played on: March 13, 2016, 8:59 p.m.
  • Length: 18:26
Show
View Real Time Build Order
Export as new Build Order

True Zerg - Winner!

Build Orders: Hatch First, Muta Ling Bane 

Get SALT Encoding   

  12  0:01  Drone  
  13  0:13  Overlord  
  13  0:18  Drone  
  14  0:31  Drone  
  14  0:32  Drone  
  16  0:37  Drone  
  17  0:53  Hatchery  
  17  0:56  Drone  
  17  1:08  Spawning Pool  
  17  1:11  Extractor  
  15  1:13  Drone  
  15  1:16  Drone  
  17  1:20  Drone  
  18  1:37  Overlord  
  18  1:55  Queen  
  18  1:59  Zergling x4  
  22  2:04  Queen  
  22  2:07  Drone  
  25  2:13  Metabolic Boost  
  25  2:18  Zergling x2  
  25  2:20  Drone  
  27  2:24  Drone  
  27  2:28  Drone  
  29  2:30  Drone  
  29  2:40  Queen  
  29  2:42  Overlord  
  30  2:49  Drone x3  
  33  2:55  Overlord  
  33  3:01  Drone  
  33  3:02  Drone  
  34  3:14  Drone x2  
  34  3:16  Drone x3  
  34  3:17  Drone x2  
  41  3:30  Drone  
  41  3:31  Hatchery, Drone  
  42  3:36  Drone  
  42  3:38  Overlord  
  43  3:47  Overlord  
  43  3:53  Overlord  
  43  3:55  Queen  
  43  3:56  Drone x2  
  43  3:57  Drone  
  43  3:58  Zergling x2  
  49  4:03  Overlord  
  49  4:08  Drone  
  51  4:10  Drone  
  51  4:12  Extractor  
  51  4:16  Drone x2  
  51  4:17  Drone x3  
  53  4:18  Drone  
  53  4:20  Drone  
  53  4:22  Drone  
  58  4:31  Drone x2, Evolution Chamber  
  58  4:32  Evolution Chamber  
  58  4:38  Queen  
  58  4:43  Overlord  
  58  4:44  Drone x2  
  62  4:49  Drone x3  
  62  4:50  Overlord, Drone  
  62  4:51  Drone  
  67  4:57  Zerg Ground Armor Level 1  
  67  4:58  Zerg Melee Weapons Level 1  
  67  4:59  Overlord  
  67  5:00  Drone x2  
  69  5:10  Drone x2  
  69  5:11  Drone  
  69  5:14  Drone x3  
  75  5:16  Drone x2  
  75  5:17  Drone x2  
  75  5:19  Lair  
  75  5:20  Drone  
  80  5:26  Overlord  
  80  5:28  Drone  
  80  5:35  Drone x2  
  83  5:36  Extractor  
  83  5:37  Extractor, Drone  
  83  5:39  Extractor  
  83  5:41  Baneling Nest  
  80  5:45  Zergling x6  
  80  5:48  Drone x2  
  85  5:50  Extractor  
  85  5:53  Overlord, Hatchery  
  85  5:57  Zergling x14  
  90  6:06  Overlord  
  90  6:08  Zergling x4  
  92  6:14  Zergling x2  
  93  6:20  Zergling x2  
  93  6:21  Spire  
  93  6:22  Zergling x2  
  93  6:23  Zergling x2  
  93  6:24  Overlord  
  93  6:25  Centrifical Hooks  
  95  6:26  Overlord, Zergling x2  
  95  6:27  Zergling x10  
  95  6:29  Zergling x2  
  102  6:33  Zergling x4  
  102  6:39  Zergling x2  
  105  6:42  Zergling x2  
  105  6:44  Zergling x2  
  108  6:47  Zergling x6  
  108  6:50  Zergling x2  
  108  6:52  Zerg Ground Armor Level 2, Zerg Melee Weapons Level 2  
  110  6:54  Zergling x2  
  110  6:55  Zergling x6  
  110  6:56  Zergling x8  
  108  7:05  Zergling x2  
  108  7:07  Overlord  
  109  7:08  Zergling x2  
  109  7:13  Zergling x2  
  110  7:32  Hatchery  
  110  7:33  Mutalisk x7  
  123  7:40  Mutalisk  
  123  7:43  Zergling x6  
  128  7:44  Zergling x4  
  128  7:45  Zergling x2  
  128  7:49  Mutalisk x2  
  128  7:56  Zergling x6  
  128  7:57  Zergling x2  
  118  8:01  Zergling x6  
  118  8:03  Zergling x2  
  118  8:04  Zergling x4  
  113  8:13  Mutalisk x2  
  113  8:14  Spawning Pool  
  113  8:16  Drone x4  
  114  8:22  Mutalisk  
  114  8:23  Mutalisk  
  118  8:31  Mutalisk  
  120  8:36  Drone  
  120  8:37  Drone  
  119  8:51  Zerg Flyer Weapons Level 1  
  119  8:52  Baneling x7  
  119  8:53  Baneling x2  
  119  8:55  Drone  
  119  8:56  Extractor, Drone x7  
  119  8:57  Drone  
  119  8:58  Extractor  
  119  9:01  Baneling x5  
  119  9:02  Baneling  
  126  9:04  Zergling x4  
  126  9:05  Zergling x2  
  126  9:06  Baneling x2  
  126  9:07  Baneling  
  126  9:08  Zergling x2  
  130  9:10  Zergling x2  
  130  9:16  Zergling x4  
  130  9:19  Zergling x2  
  130  9:20  Zergling x2  
  130  9:21  Overseer, Zergling x4  
  130  9:22  Zergling x6  
  130  9:23  Zergling x4  
  118  9:24  Zergling x4  
  118  9:28  Zergling x10  
  121  9:31  Zergling x2  
  121  9:32  Zergling x2  
  122  9:40  Zergling x4  
  122  9:45  Zergling x2  
  125  9:51  Zergling x10  
  122  9:56  Mutalisk  
  122  9:57  Mutalisk x4, Hatchery  
  125  10:08  Mutalisk x3  
  125  10:14  Mutalisk  
  127  10:22  Overlord x3  
  127  10:25  Overlord, Hatchery  
  127  10:27  Overlord  
  126  10:36  Baneling x13  
  126  10:37  Baneling x2  
  126  10:40  Zergling x2  
  126  10:41  Zergling x4  
  126  10:42  Overlord, Zergling x6  
  132  10:44  Zergling x2  
  132  10:47  Zergling x2  
  132  10:49  Lair  
  134  10:50  Zergling x4  
  134  10:51  Zergling x4  
  134  10:52  Zergling x4  
  134  10:55  Zergling x2  
  141  10:58  Zergling x2  
  141  10:59  Baneling, Zergling x2  
  141  11:00  Baneling  
  141  11:01  Baneling x2  
  141  11:02  Baneling x6  
  143  11:06  Zergling x4  
  143  11:07  Zergling x2  
  143  11:08  Zergling x2  
  143  11:09  Zergling x4  
  143  11:10  Zergling x2  
  150  11:16  Zergling x2  
  135  11:19  Zergling x8  
  135  11:20  Zergling x4  
  135  11:21  Zergling x2  
  135  11:23  Zergling x4  
  134  11:29  Baneling  
  134  11:30  Baneling x14  
  126  11:34  Overlord  
  101  11:47  Zergling x2  
  101  11:48  Zergling x2  
  101  11:49  Zergling x4  
  101  11:50  Zergling x8  
  101  11:51  Zergling x4  
  101  11:56  Overlord, Zergling x2  
  101  12:01  Overseer, Zergling x2  
  90  12:09  Zergling x2  
  90  12:10  Zergling x8  
  90  12:11  Zergling x2  
  90  12:12  Zergling x2  
  90  12:13  Overseer  
  90  12:14  Zergling x2  
  98  12:16  Zergling x2  
  98  12:18  Baneling x7  
  96  12:22  Zergling x2  
  96  12:23  Zergling x2  
  96  12:24  Zergling x2  
  96  12:26  Zergling x6  
  96  12:27  Zergling x2  
  96  12:29  Zergling x4  
  104  12:30  Mutalisk x2  
  104  12:32  Baneling x4  
  104  12:33  Mutalisk x2, Baneling x7  
  104  12:34  Mutalisk  
  104  12:35  Zergling x4  
  116  12:42  Zergling x4  
  118  12:45  Overlord  
  118  12:47  Baneling  
  118  12:48  Baneling x9  
  118  12:58  Overlord  
  118  13:03  Overlord  
  118  13:04  Zergling x10  
  118  13:05  Drone x2  
  125  13:07  Baneling  
  125  13:08  Baneling x9  
  125  13:09  Zergling x2  
  126  13:17  Zergling x2  
  126  13:19  Zergling x2  
  123  13:23  Zergling x18  
  123  13:24  Zergling x4  
  123  13:25  Baneling x3  
  125  13:29  Zergling x4  
  125  13:30  Zergling x2  
  125  13:32  Zergling x2  
  127  13:34  Zergling x2  
  127  13:35  Zergling x2  
  127  13:42  Zergling x6  
  127  13:43  Zergling x6  
  127  13:45  Mutalisk  
  127  13:46  Mutalisk  
  137  13:49  Mutalisk  
  137  13:52  Mutalisk  
  141  13:57  Overlord  
  141  14:04  Overlord  
  140  14:18  Mutalisk x4  
  140  14:19  Zergling x4  
  150  14:27  Zergling x8  
  150  14:28  Zergling x2  
  150  14:29  Zergling x2  
  156  14:35  Zergling x4  
  156  14:44  Zergling x6  
  156  14:45  Zergling x2  
  144  14:49  Zergling x2  
  144  14:50  Zergling x2  
  144  14:51  Zergling x2  
  147  14:53  Zergling x2  
  147  14:54  Zergling x2  
  147  14:55  Zergling x2  
  147  14:57  Overlord x2  
  136  15:07  Zergling x2  
  135  15:14  Drone  
  135  15:15  Queen, Drone x5  
  135  15:19  Zergling x14  
  139  15:38  Zerg Flyer Weapons Level 2  
  139  15:41  Baneling x4  
  139  15:43  Baneling x19  
  139  15:46  Zergling x22  
  150  15:59  Spore Crawler  
  150  16:02  Zergling x4  
  151  16:06  Zergling x4  
  151  16:07  Zergling x4  
  151  16:09  Zergling x4  
  157  16:11  Zergling x4  
  157  16:12  Zergling x14  
  166  16:21  Overlord  
  166  16:24  Baneling x3  
  166  16:25  Baneling x5  
  166  16:26  Baneling x2  
  166  16:28  Hatchery, Zergling x2  
  166  16:50  Baneling x20  
  166  16:51  Baneling  
  166  16:53  Baneling  
  164  17:01  Mutalisk x2  
  164  17:02  Mutalisk x3  
  172  17:17  Overlord  
  172  17:20  Infestation Pit  
  172  17:21  Mutalisk  
  173  17:25  Zergling x2  
  173  17:26  Overlord  
  174  17:32  Spine Crawler  
  174  17:33  Zergling x2  
  174  17:35  Overlord  
  174  17:36  Zergling x6  
  174  17:37  Zergling x10  
  182  17:46  Zergling x12  
  188  17:56  Baneling x21  
  188  18:07  Zergling x20  
Show
View Real Time Build Order
Export as new Build Order

Believe Terran 

Build Orders: Reaper Expand, Bio Mine 

Get SALT Encoding   

  12  0:01  SCV  
  13  0:18  SCV  
  13  0:21  Supply Depot  
  14  0:30  SCV  
  16  0:42  SCV  
  16  0:43  Barracks  
  16  0:47  Refinery  
  16  0:55  SCV  
  17  1:07  SCV  
  18  1:19  SCV  
  19  1:30  Reaper  
  19  1:31  Orbital Command  
  20  1:42  Command Center  
  20  1:53  Supply Depot  
  20  1:56  SCV  
  21  2:02  Marine  
  21  2:08  Factory  
  22  2:12  SCV  
  23  2:22  Marine  
  24  2:24  SCV  
  25  2:36  SCV  
  26  2:48  Barracks Reactor, SCV  
  26  2:53  Orbital Command  
  26  3:00  SCV  
  26  3:01  Command Center  
  27  3:07  Hellion  
  29  3:12  SCV  
  29  3:19  SCV  
  29  3:25  SCV  
  30  3:31  SCV  
  31  3:37  Barracks Tech Lab, SCV, Hellion x2  
  36  3:42  Supply Depot  
  36  3:43  SCV  
  36  3:45  Refinery  
  37  3:49  SCV  
  38  3:55  SCV  
  38  3:56  Stimpack  
  38  4:01  SCV, Barracks x2  
  40  4:07  Marine, Factory Reactor  
  40  4:08  SCV  
  42  4:12  Refinery x2  
  42  4:13  SCV  
  42  4:16  Orbital Command  
  43  4:20  SCV  
  44  4:25  SCV  
  44  4:29  Engineering Bay  
  44  4:30  Engineering Bay  
  45  4:32  SCV, Marine  
  45  4:37  SCV  
  48  4:40  Orbital Command  
  48  4:44  SCV  
  49  4:49  SCV  
  49  4:50  Marine  
  49  4:51  Starport, Factory Reactor  
  49  4:52  Marine x2  
  51  4:56  SCV  
  54  5:01  SCV, Terran Infantry Weapons Level 1, Terran Infantry Armor Level 1  
  54  5:02  Marine  
  54  5:06  Marine  
  57  5:08  SCV, Marine  
  57  5:10  Marine  
  57  5:13  SCV  
  61  5:15  Barracks  
  61  5:17  SCV  
  61  5:18  Barracks  
  61  5:20  SCV  
  63  5:23  Supply Depot  
  63  5:25  SCV  
  64  5:29  SCV  
  64  5:31  Marine x2  
  64  5:32  Marine x2  
  69  5:38  Factory Reactor  
  69  5:44  SCV x2, Marine  
  69  5:45  Medivac x2  
  69  5:47  SCV  
  77  5:52  Supply Depot  
  77  5:54  Supply Depot  
  77  5:56  Combat Shields  
  77  6:07  Supply Depot  
  77  6:09  Supply Depot  
  77  6:10  Barracks Reactor x2  
  77  6:14  SCV x3, Marine x5  
  85  6:24  Medivac x2, Widow Mine x2  
  93  6:27  Refinery  
  93  6:29  SCV x2  
  93  6:31  Marine x4, Armory  
  97  6:32  Supply Depot  
  97  6:34  Marine  
  97  6:37  SCV  
  99  6:41  SCV  
  99  6:44  Supply Depot  
  99  6:46  SCV, Marine  
  102  6:49  SCV, Marine x4  
  102  6:51  Marine  
  102  6:52  Marine  
  102  6:53  Widow Mine x2  
  109  6:54  SCV  
  109  6:58  SCV  
  113  7:06  Marine x3  
  113  7:07  Medivac x2, Marine x2  
  122  7:12  SCV  
  123  7:17  SCV  
  123  7:19  Terran Infantry Weapons Level 2, Terran Infantry Armor Level 2  
  123  7:20  Supply Depot  
  124  7:25  Factory  
  124  7:27  Widow Mine  
  124  7:28  Marine  
  125  7:32  Marine  
  125  7:33  Marine  
  125  7:41  Medivac x2, Marine x4  
  125  7:43  Widow Mine, Marine x2  
  137  7:44  Supply Depot  
  137  7:55  Widow Mine  
  137  8:03  Marine x4  
  141  8:07  Supply Depot x2  
  141  8:11  Medivac x2  
  141  8:12  Widow Mine  
  130  8:22  Marine x4  
  130  8:24  Widow Mine  
  130  8:25  Marine x2  
  130  8:26  Factory Tech Lab  
  136  8:28  Marine x2  
  131  8:36  Marine  
  131  8:40  Widow Mine, Marine x4  
  138  8:41  Medivac x2, Command Center  
  138  8:43  Marine  
  138  8:47  Marine x2  
  145  8:50  Marine  
  145  8:52  Widow Mine, Drilling Claws  
  145  8:54  Marine  
  145  8:55  Thor  
  155  8:57  Marine  
  155  8:58  Marine x3  
  155  9:01  Marine  
  160  9:05  Marine x2  
  160  9:08  Marine  
  163  9:12  Marine  
  163  9:15  Marine x2  
  161  9:20  Marine x3  
  161  9:22  Widow Mine x2  
  161  9:23  Medivac x2, Marine x2  
  162  9:26  Marine  
  162  9:30  Marine  
  147  9:33  Marine  
  140  9:40  Marine  
  140  9:41  Widow Mine, Marine x4  
  140  9:43  Marine  
  140  9:44  Marine  
  141  9:47  Marine  
  141  9:50  Widow Mine  
  141  9:51  Marine  
  140  9:53  Medivac x2  
  140  9:58  Marine x2  
  140  9:59  Marine x3  
  148  10:00  Marine  
  147  10:08  Marine x2  
  147  10:09  Widow Mine, Marine  
  147  10:10  Widow Mine  
  152  10:16  Marine  
  152  10:17  Barracks  
  152  10:18  Marine x2  
  152  10:19  Barracks  
  152  10:20  Barracks  
  155  10:23  Medivac x2  
  155  10:24  Marine  
  155  10:25  Marine x2  
  155  10:26  Marine x2  
  155  10:27  Marine  
  165  10:34  Marine  
  166  10:40  Planetary Fortress  
  166  10:49  Terran Infantry Weapons Level 3  
  166  10:50  Terran Infantry Armor Level 3, Missile Turret  
  166  10:52  Marine  
  166  10:53  Marine  
  168  11:01  Marine x2  
  170  11:04  Missile Turret  
  170  11:06  Barracks Tech Lab, Refinery  
  170  11:07  Marine x2  
  170  11:09  Marine x2  
  173  11:16  Marine x2  
  173  11:17  Marine  
  155  11:19  Medivac, Marine  
  155  11:20  Marine  
  150  11:38  Marine  
  150  11:39  Marine  
  124  11:45  Widow Mine, Marine x5  
  124  11:46  Marine  
  117  11:48  Medivac, Marine  
  109  12:02  Widow Mine x2, Marine x2  
  109  12:05  Liberator  
  109  12:07  Marine x2  
  109  12:08  Marine x2  
  109  12:19  Marine x2  
  109  12:20  Widow Mine  
  109  12:21  Marine x2  
  109  12:22  Marine  
  109  12:27  Orbital Command  
  109  12:38  Missile Turret  
  109  13:03  Liberator  
  109  13:08  Refinery  
  109  13:12  Marine  
  109  13:18  Supply Depot, Marine x2  
  109  13:19  Widow Mine x3, Marine x4  
  109  13:20  SCV, Marine x2  
  115  13:30  Marine  
  116  13:36  Barracks x2, Marine  
  116  13:38  Barracks  
  116  13:39  Marine x7  
  122  13:45  Missile Turret, SCV  
  122  13:48  Marine  
  123  13:54  Marine  
  125  13:58  Liberator x2  
  125  13:59  Marine x2  
  125  14:01  Marine  
  125  14:03  Marine  
  125  14:05  Marine  
  125  14:06  SCV  
  125  14:13  Marine  
  125  14:14  Supply Depot  
  125  14:15  SCV, Marine  
  125  14:16  Widow Mine x2  
  133  14:17  Marine x2  
  133  14:18  Marine x2  
  133  14:35  SCV x2, Marine x6  
  141  14:39  Widow Mine, Marine x2  
  141  14:40  Marine  
  141  14:44  Widow Mine x2  
  105  14:47  Marine x3  
  95  14:53  Marine x6  
  95  14:57  Marine  
  95  14:58  Marine x2  
  93  15:08  Widow Mine  
  93  15:10  Marine x3  
  93  15:13  Widow Mine x2  
  93  15:14  Medivac x2  
  99  15:27  Liberator  
  99  15:28  SCV  
  93  15:32  Marine x2  
  93  15:37  Cyclone  
  93  15:38  SCV  
  93  15:41  Widow Mine  
  93  15:42  Widow Mine  
  99  15:46  SCV  
  103  15:51  Marine x3  
  103  15:52  Medivac  
  103  15:53  Marine  
  103  15:54  Marine x6  
  115  15:57  SCV  
  115  15:59  Marine x2  
  115  16:03  Missile Turret  
  118  16:08  Marine  
  118  16:09  Widow Mine, Marine x2  
  118  16:10  Widow Mine x2  
  127  16:11  Marine x2  
  129  16:21  Marine x2  
  129  16:22  Medivac, Marauder, Marine  
  136  16:29  Marine x4  
  136  16:31  Liberator  
  130  16:39  SCV  
  130  16:43  Marauder  
  130  16:46  Marine  
  133  16:47  Marine  
  137  16:58  SCV  
  137  16:59  Marine x2  
  138  17:06  Marine x3  
  141  17:35  Marine  
  141  17:40  Marine  
  141  17:41  Marine  
  141  17:49  Factory Reactor, SCV, Marine x7  
  141  17:52  Supply Depot  
  141  17:53  Marine  
  140  17:59  Marauder  
  145  18:07  Marine  
Tags
 
Add a new tag
Caveats
  • Supply blocks, unpowered buildings, or Contaminate may cause inaccurate times.
  • Supply counts are checked every 10 seconds.